 Dungeon Crawl Stone Soup version 0.30-a0-1114-gd936c97349 (webtiles) character file.

Game seed: 3852249982547612200

758 CrazyBamboolord the Charlatan (level 7, -14/57 HPs)
             Began as a White Draconian Artificer on Apr 21, 2023.
             Was a Follower of Uskayaw.
             Demolished by an ogre
             ... wielding a +0 giant club
              (22 damage)
             ... on level 5 of the Dungeon.
             The game lasted 00:12:21 (4444 turns).

CrazyBamboolord the Charlatan (DrAr)                Turns: 4444, Time: 00:12:22

Health: -14/57     AC:  6    Str: 15    XL:     7   Next: 50%
Magic:  8/8        EV: 13    Int: 11    God:    Uskayaw [*.....]
Gold:   215        SH:  0    Dex: 13    Spells: 6/6 levels left

rFire   . . .      SeeInvis .    i - +0 dagger
rCold   + . .      Faith    .    (no shield)
rNeg    . . .      Spirit   .    (body armour unavailable)
rPois   .          Reflect  .    (helmet restricted)
rElec   .          Rampage  .    (no cloak)
rCorr   .                        (no gloves)
Will    .....                    (no boots)
Stlth   ++                       (no amulet)
HPRegen 0.29/turn                u - ring of flight
MPRegen 0.11/turn                (no ring)

@: short of breath, flying
A: breathe frost, AC +6, unfitting armour, cold resistance 1, cold-blooded
a: Breathe Frost, Renounce Religion, Stomp


You were on level 5 of the Dungeon.
You worshipped Uskayaw.
Uskayaw was noncommittal.
You visited 1 branch of the dungeon, and saw 5 of its levels.

You collected 215 gold pieces.

Inventory:

Hand Weapons
 i - a +0 dagger (weapon)
Jewellery
 u - a ring of flight (left hand)
Wands
 b - a wand of flame (4)
 c - a wand of charming (13)
Scrolls
 e - 2 scrolls of enchant armour
 f - 2 scrolls of amnesia
 g - a scroll of torment
 h - 3 scrolls of teleportation
 j - a scroll of immolation
 n - a scroll of blinking {unknown}
 p - a scroll of silence {unknown}
 q - a scroll of enchant weapon {unknown}
 r - a scroll of acquirement {unknown}
 s - a scroll of vulnerability {unknown}
Potions
 a - 2 potions of haste
 k - 4 potions of curing
 l - 2 potions of might
 m - a potion of brilliance {unknown}
 o - a potion of berserk rage {unknown}
 t - 2 potions of heal wounds


   Skills:
 * Level 3.4 Fighting
 * Level 4.1 Short Blades
 * Level 4.2 Dodging
 * Level 2.8 Stealth
 * Level 2.0 Invocations
 * Level 4.4 Evocations


You had 6 spell levels left.
You didn't know any spells.
Your spell library was empty.

Dungeon Overview and Level Annotations

Branches:
Dungeon (5/15)
 Temple: D:4-7

Altars:
Elyvilon
Uskayaw
Zin
The Shining One

Shops:
D:2 =   D:4 [


Innate Abilities, Weirdness & Mutations

You can breathe waves of freezing cold which knock back foes.
Your icy white scales are hard. (AC +6)
You cannot fit into any form of body armour.
Your flesh is cold resistant. (rC+)
You are cold-blooded and may be slowed by cold attacks.


Message History

You kill the ogre!
Your Short Blades skill increases to level 4!
Your Invocations skill increases to level 2!
Unknown command.
You have got your breath back.
You now have 215 gold pieces (gained 9).
An ogre is nearby!
An ogre is nearby!
Aiming: Breathe Frost (5% risk of failure)
Press: ? - help, Q - select action, (/) - cycle Shift-Dir - straight line, f - ogre
Aim: an ogre, wielding a +0 giant club (85% to hit)
You fail to use your ability.
Unknown command.
You hit the ogre.
The ogre is lightly wounded.
The ogre hits you with a +0 giant club!
You hit the ogre.
The ogre is moderately wounded.
You hit the ogre but do no damage.
The ogre is moderately wounded.
The ogre hits you with a +0 giant club!
You hit the ogre.
You tail-slap the ogre, but do no damage.
The ogre is moderately wounded.
You hit the ogre.
The ogre is moderately wounded.
The ogre hits you with a +0 giant club! The ogre attacks as you move away!
The ogre hits you with a +0 giant club!!
* * * LOW HITPOINT WARNING * * *
Aiming: Breathe Frost (5% risk of failure)
Press: ? - help, Q - select action, (/) - cycle Shift-Dir - straight line, f/p - ogre
Aim: an ogre, wielding a +0 giant club (moderately wounded, 85% to hit)
You exhale a wave of freezing cold.
The freezing breath hits the ogre.
The ogre is heavily wounded.
Unknown command.
The ogre attacks as you move away! The ogre closely misses you.
The ogre attacks as you move away!
The ogre hits you with a +0 giant club!!
You die...

.......#.. ........#####....#
.......#.## .....#.....#....#
.......... ....##.........#
..........## .....##.##.....#
...........###....##..###.###
............##.......##....#
.....###.......#..#........#
.....# ##.....##.#.....<.##
.....#####......@.#.......#
.....#..#...###..O##..##.##
..........### #......#####
.....##....# #......#
......#.##.# #......#
.........#.## ##....##
....#.......# #....##
..#.##.....####...##
.##.#........#..###


You could see an ogre.

Vanquished Creatures
  Sigmund (D:5)
  A black bear (D:5)
  2 ogres (D:5)
  2 howler monkeys
  3 hounds
  An iguana (D:3)
  Robin (D:3)
  3 adders
  A shadow imp (D:5)
  A worm (D:3)
  4 dart slugs
  12 orcs
  8 ball pythons
  4 bats
  6 endoplasms
  A giant cockroach (D:4)
  17 goblins
  10 hobgoblins
  5 kobolds
  2 quokkas
  2 frilled lizards
  5 rats
92 creatures vanquished.

Notes
Turn   | Place    | Note
-------+----------+-------------------------------------------
     0 | D:1      | CrazyBamboolord the Draconian Artificer began the quest for
                  | the Orb.
     0 | D:1      | Reached XP level 1. HP: 16/16 MP: 1/1
    64 | D:1      | Reached skill level 1 in Stealth
    69 | D:1      | Reached XP level 2. HP: 14/23 MP: 2/2
   454 | D:1      | Reached XP level 3. HP: 28/28 MP: 3/3
  1039 | D:2      | Reached skill level 1 in Short Blades
  1176 | D:2      | Found Aredghoor's Jewellery Shop.
  1493 | D:3      | Reached XP level 4. HP: 25/36 MP: 4/4
  1759 | D:3      | Noticed an orc warrior
  1829 | D:3      | Noticed Robin
  1864 | D:3      | Killed Robin
  2429 | D:4      | Noticed a +0 hand axe
  2430 | D:4      | Noticed a +0 dagger
  2438 | D:4      | Reached XP level 5. HP: 41/41 MP: 5/5
  2438 | D:4      | Found a hide-covered altar of Uskayaw.
  2478 | D:4      | Became a worshipper of Uskayaw the Reveller
  2510 | D:4      | Reached * piety under Uskayaw
  2748 | D:4      | Reached ** piety under Uskayaw
  2904 | D:4      | Found Oxoar's Antique Armour Shoppe.
  3347 | D:5      | Entered Level 5 of the Dungeon
  3424 | D:5      | Reached XP level 6. HP: 37/50 MP: 6/6
  3446 | D:5      | Found a white marble altar of Elyvilon.
  3446 | D:5      | Found a glowing silver altar of Zin.
  3446 | D:5      | Found a glowing golden altar of the Shining One.
  3584 | D:5      | Noticed Sigmund
  3596 | D:5      | Reached *** piety under Uskayaw
  3597 | D:5      | Reached skill level 1 in Invocations
  3598 | D:5      | Killed Sigmund
  3598 | D:5      | Reached **** piety under Uskayaw
  3999 | D:5      | Your scales start taking on an icy white colour.
  3999 | D:5      | Reached XP level 7. HP: 32/57 MP: 8/8
  3999 | D:5      | Gained mutation: Your flesh is cold resistant. (rC+) [White
                  | Draconian growth]
  4444 | D:5      | Demolished by an ogre

Illustrated notes

Levels and vault maps discovered:
D:1:      lemuel_arrival_rhombus, layout_basic, hex_medium
D:2:      layout_loops_ring, serial_shops, shop
D:3:      layout_rooms, st_stairs_3, lightli_corner_chamber, uniq_robin
D:4:      layout_cave_pods, dancing_weapons_uskayaw, serial_shops,
          nicolae_shop_dealshenge, minmay_hedge_maze,
          corexii_item_surrounded_by_moat
D:5:      layout_cave_pools, dreamdust_divine_triumvirate, kennysheep_mini_moat,
          nicolae_sextant, uniq_crazy_yiuf_cottage, uniq_sigmund

Skill      XL: |  1  2  3  4  5  6  7 |
---------------+----------------------+-----
Stealth        | 1 2 |  2.8
Short Blades   | 1 2 3 4 |  4.1
Fighting       | 2 3 |  3.4
Dodging        | 3 4 |  4.2
Evocations     | 4 |  4.4
Invocations    | 1 2 |  2.0

Action                     |  1- 3 |  4- 6 |  7- 9 || total
---------------------------+-------+-------+-------++-------
  Melee: Club              |    17 |       |       ||    17
         Tailslap          |    18 |    47 |     3 ||    68
         Dagger            |   143 |   294 |    15 ||   452
         Punch             |     3 |     6 |       ||     9
 Invoke: Line Pass         |       |     1 |       ||     1
Ability: Breathe Frost     |       |       |     5 ||     5
  Evoke: Wand              |     3 |    15 |       ||    18
    Use: Scroll            |     4 |     4 |       ||     8
   Stab: Sleeping          |     4 |     3 |       ||     7
         Distracted        |     1 |       |       ||     1
         Confused          |       |     1 |       ||     1
 Armour: Skin              |    58 |    58 |     5 ||   121
  Dodge: Dodged            |    88 |   177 |    15 ||   280

Table legend: (Time is in decaauts)
 A = Elapsed time spent in this place.
 B = Non-inter-level travel time spent in this place.
 C = Inter-level travel time spent in this place.
 D = Time resting spent in this place.
 E = Time spent auto-exploring this place.
 F = Levels seen in this place.
 G = Mean time per level.
                   A        B        C        D        E       F      G
               +--------+--------+--------+--------+--------+-----+--------+
         Total |   4405 |   4294 |    111 |      0 |   3359 |   5 |  881.0 |
       Dungeon |   4405 |   4294 |    111 |      0 |   3359 |   5 |  881.0 |
               +--------+--------+--------+--------+--------+-----+--------+

Top non-repeatable levels by time:
     D:4: 1267 daAuts
     D:5: 891 daAuts
     D:3: 819 daAuts
     D:2: 728 daAuts
     D:1: 699 daAuts
